 Dungeon Sprint DCSS version 0.30-a0-222-ge547ba4400 (webtiles) character file.

Game seed: 8971063209602134355

13932 rocky1 the Spry (level 12, -4/109 HPs)
             Began as a Merfolk Gladiator on Oct 9, 2022.
             Was the Champion of Qazlal.
             Killed from afar by a black draconian knight (29 damage)
             ... with a bolt of cold
             ... in the Dungeon (Sprint II: "The Violet Keep of Menkaure").
             The game lasted 00:13:11 (2841 turns).

rocky1 the Spry (Merfolk Gladiator)                 Turns: 2841, Time: 00:13:12

Health: -4/109     AC: 30    Str: 22    XL:     12   Next: 11%
Magic:  19/22      EV: 20    Int:  7    God:    Qazlal [******]
Gold:   966        SH:  8    Dex: 18    Spells: 11/11 levels left

rFire   . . .      SeeInvis .    h - +2 scimitar (protect)
rCold   . . .      Faith    .    (no shield)
rNeg    . . .      Spirit   .    l - +6 scale mail of an ossuary {Str+7 Dex-2}
rPois   .          Reflect  .    o - +1 hat
rElec   .          Harm     .    (no cloak)
rCorr   .          Rampage  .    j - +0 pair of gloves
Will    .....      NoTele   +    b - +2 pair of boots
Stlth   ..........               (no amulet)
HPRegen 0.38/turn                (no ring)
MPRegen 0.18/turn                (no ring)

@: protected from physical damage, under a protective aura, repel missiles
A: (nimble swimmer 2), mertail, horns 1, screaming 1, wild magic 1
a: Renounce Religion, Upheaval, Elemental Force, Disaster Area


You were in the Dungeon.
You worshipped Qazlal.
Qazlal was exalted by your worship.
You visited 1 branch You collected 1951 gold pieces.
You spent 985 gold pieces at shops.

Inventory:

Hand Weapons
 a - a +0 long sword
 h - a +2 scimitar of protection (weapon)
Missiles
 d - 4 throwing nets (quivered)
 e - 3 javelins
Armour
 b - a +2 pair of boots (worn)
 c - a +0 helmet
 j - a +0 pair of gloves (worn)
 l - the +6 scale mail of an ossuary (worn) {Str+7 Dex-2}
   (You bought it in a shop in the Dungeon)

   Str:       It affects your strength (+7).
   Dex:       It affects your dexterity (-2).
 o - a +1 hat (worn)
Wands
 D - a wand of acid (9)
Scrolls
 k - a scroll of blinking
 p - a scroll of magic mapping {unknown}
 r - 4 scrolls of identify {unknown}
 s - a scroll of fear {unknown}
 t - a scroll of enchant weapon {unknown}
 v - a scroll of brand weapon {unknown}
 w - a scroll of butterflies {unknown}
 y - a scroll of poison {unknown}
 C - a scroll of amnesia {unknown}
Potions
 f - 5 potions of curing
 g - a potion of heal wounds
 i - 5 potions of magic
 m - 2 potions of degeneration
 n - 3 potions of haste
 q - 9 potions of flight
 u - 3 potions of lignification {unknown}
 x - a potion of ambrosia {unknown}
 z - a potion of attraction {unknown}
 A - 3 potions of resistance {unknown}
 B - a potion of mutation


   Skills:
 + Level 15.0 Fighting
 + Level 17.8 Long Blades
 - Level 2.0 Throwing
 + Level 10.7 Armour
 + Level 17.9 Dodging
 + Level 13.4 Invocations
 + Level 0.0 Evocations


You had 11 spell levels left.
You didn't know any spells.
Your spell library contained the following spells:

 Spells                   Type           Power      Damage    Failure   Level
 Kiss of Death            Conj/Necr      0%         2d5       77%         1
 Confusing Touch          Hex            0%         N/A       98%         3
 Stone Arrow              Conj/Erth      0%         3d7       98%         3
 Animate Armour           Summ/Erth      0%         N/A       100%        4
 Dispel Undead            Necr           0%         3d6       100%        4
 Lehudib's Crystal Spear  Conj/Erth      0%         10d2      100%        8


Dungeon Overview and Level Annotations

Branches:
Dungeon (1/1)

Altars:
Cheibriados
Dithmenos
Elyvilon
Fedhas
Gozag
Hepliaklqana
Kikubaaqudgha
Makhleb
Nemelex Xobeh
Okawaru
Qazlal
Ru
Sif Muna
Trog
Uskayaw
Vehumet
Wu Jian
Xom
Yredelemnul
Zin
The Shining One
Jiyva
Lugonu

Shops:
D ?:==!(!(([[=:*?

Annotations:
D exclusion: orange crystal statue, Lernaean hydra, Roxanne


Innate Abilities, Weirdness & Mutations

((You are very nimble when in or above water. (Stealth+, EV+, Speed+++)))
Your lower body shifts to a powerful aquatic tail in water.
You have a pair of small horns on your head.
You occasionally shout uncontrollably at your foes.
Your spells are a little harder to cast, but a little more powerful.


Message History

You hear some strange, mumbled words.
A shard of ice appears from out of thin air!
You block the shard of ice.
You miss something.
A bolt of lightning appears from out of thin air!
The bolt of lightning is repelled.
You miss something.
A bolt of lightning appears from out of thin air!
The bolt of lightning misses you.
You hit something but do no damage. Something hits you but does no damage.
You hit something but do no damage. Something hits you!
You feel more protected from physical attacks.
Something hits you!
* * * LOW HITPOINT WARNING * * *
You feel more protected from physical attacks.
You hit something but do no damage. You headbutt something. Something hits you!
* * * LOW HITPOINT WARNING * * *
You feel more protected from physical attacks.
Unknown command.
You feel much better.
A bolt of lightning appears from out of thin air!
The bolt of lightning misses you.
Unknown command.
You hit something but do no damage. Something hits you!
* * * LOW HITPOINT WARNING * * *
You feel more protected from physical attacks.
You hit something but do no damage. You headbutt something.
Your punch misses something. Something closely misses you.
You hit something but do no damage. You headbutt something.
Something hits you but does no damage.
Aiming: Upheaval
Press: ? - help, Dir - move target Magma suddenly erupts from the ground!
The blast of magma engulfs something!
A bolt of lightning appears from out of thin air!
The bolt of lightning misses you.
You hear some strange, mumbled words.
A bolt of cold appears from out of thin air!
The bolt of cold hits you!!
You die...

##...∩.∩..#~#...##.#
##....⌠...'~'###+.<.
##........#~#...##.#
#▓▓▓▓▓▓▓###~##.###'#
##...######~~####.#.
#)..#..÷.##~~~#.###
#∩.§§..#÷##+#~##.#.
#.☼.#.##§##.#~~##'#
#.@.###≈÷≈####~~~~~
##{###≈≈≈§≈# #'''#+
≈!≈##≈§§≈≈###°.°○○
##+###§§≈≈§##~...°○
.!.#+≈§§≈≈'~...°≈°
#+###≈≈≈§≈##~.°°..
$.$##≈≈≈§≈###...°○
#+###§§§≈≈# ####+#
##≈≈≈##


There were no monsters in sight!

Vanquished Creatures
  A deep elf master archer (D)
  A kraken (D)
  A crystal guardian (D)
  2 boulder beetles (D)
  2 deep trolls (D)
  2 death drakes (D)
  An oklob plant (D)
  2 unseen horrors (D)
  2 cane toads (D)
  A yaktaur (D)
  5 polar bears (D)
  A hornet (D)
  A blink frog (D)
  5 wyverns (D)
  12 flying skulls (D)
  4 neqoxecs (D)
  2 redbacks (D)
  Menkaure (D)
  4 water moccasins (D)
  A swamp drake (D)
  4 scorpions (D)
  9 electric eels (D)
  A spectral giant cockroach (D)
  A spectral quokka (D)
  5 tentacles (D)
71 creatures vanquished.

Vanquished Creatures (others)
  A swamp drake (D)
  10 tentacles (D)
11 creatures vanquished.

Grand Total: 82 creatures vanquished

Notes
Turn   | Place    | Note
-------+----------+-------------------------------------------
     0 | D        | rocky1 the Merfolk Gladiator began the quest for the Orb.
     0 | D        | Reached XP level 1. HP: 16/16 MP: 1/1
     1 | D        | Noticed a boulder beetle
     1 | D        | Noticed a boulder beetle
     5 | D        | Noticed a wyvern
     5 | D        | Noticed a wyvern
     8 | D        | Killed a wyvern
     9 | D        | Reached skill level 5 in Fighting
     9 | D        | Reached XP level 2. HP: 27/27 MP: 2/2
     9 | D        | Reached XP level 3. HP: 33/33 MP: 3/3
     9 | D        | Reached XP level 4. HP: 39/39 MP: 4/4
     9 | D        | Reached XP level 5. HP: 44/44 MP: 5/5
    13 | D        | Killed a wyvern
    14 | D        | Reached skill level 10 in Long Blades
    14 | D        | Reached XP level 6. HP: 53/53 MP: 6/6
    46 | D        | Noticed a flying skull
    46 | D        | Noticed a flying skull
    46 | D        | Noticed a flying skull
    46 | D        | Noticed a flying skull
    46 | D        | Noticed a flying skull
    47 | D        | Noticed a flying skull
    47 | D        | Noticed a flying skull
    47 | D        | Noticed a flying skull
    47 | D        | Noticed a flying skull
    47 | D        | Noticed a flying skull
    48 | D        | Noticed a flying skull
    54 | D        | Noticed a water moccasin
    63 | D        | Killed a water moccasin
    69 | D        | Found a hazy altar of Hepliaklqana.
    69 | D        | Found a snail-covered altar of Cheibriados.
    70 | D        | Found a stormy altar of Qazlal.
    70 | D        | Found a viscous altar of Jiyva.
    70 | D        | Found a shadowy altar of Dithmenos.
    71 | D        | Found a sacrificial altar of Ru.
    71 | D        | Found an ancient bone altar of Kikubaaqudgha.
    71 | D        | Found a white marble altar of Elyvilon.
    72 | D        | Found an ornate altar of the Wu Jian Council.
    72 | D        | Found a shimmering blue altar of Sif Muna.
    72 | D        | Found a corrupted altar of Lugonu.
    72 | D        | Found a blossoming altar of Fedhas.
    73 | D        | Found a shimmering altar of Xom.
    73 | D        | Found a bloodstained altar of Trog.
    73 | D        | Found a burning altar of Makhleb.
    74 | D        | Found a glowing golden altar of the Shining One.
    74 | D        | Found a basalt altar of Yredelemnul.
    74 | D        | Found a hide-covered altar of Uskayaw.
    76 | D        | Found a glowing silver altar of Zin.
    76 | D        | Found a radiant altar of Vehumet.
    76 | D        | Found a sparkling altar of Nemelex Xobeh.
    77 | D        | Found an opulent altar of Gozag.
    77 | D        | Found an iron altar of Okawaru.
    79 | D        | Became a worshipper of Qazlal Stormbringer
    95 | D        | Noticed a flying skull
   233 | D        | Reached skill level 1 in Invocations
   237 | D        | Reached XP level 7. HP: 41/60 MP: 6/8
   338 | D        | Reached * piety under Qazlal
   339 | D        | Reached skill level 5 in Armour
   413 | D        | Noticed a neqoxec
   413 | D        | Noticed a neqoxec
   413 | D        | Noticed a neqoxec
   413 | D        | Noticed a neqoxec
   413 | D        | Gained mutation: You are weak. (Str -2) [a neqoxec]
   422 | D        | Killed a neqoxec
   423 | D        | Reached skill level 10 in Dodging
   428 | D        | Gained mutation: You are vulnerable to heat. (rF-) [a
                  | neqoxec]
   435 | D        | Killed a neqoxec
   435 | D        | Reached ** piety under Qazlal
   444 | D        | Killed a neqoxec
   445 | D        | Reached skill level 5 in Invocations
   445 | D        | Reached XP level 8. HP: 54/70 MP: 11/11
   513 | D        | Noticed an orange crystal statue
   514 | D        | Noticed Menkaure
   520 | D        | Killed Menkaure
   521 | D        | Found Aklifos's Assorted Antiques.
   521 | D        | Found Kaax Zaregie's Magic Scroll Shop.
   522 | D        | Found Piamib's Jewellery Boutique.
   522 | D        | Found Unwoe's Book Shop.
   524 | D        | Found Bemips's Antique Armour Boutique.
   524 | D        | Found Xonezet's Antique Armour Shop.
   527 | D        | Found Muecul's Weapon Boutique.
   528 | D        | Found Lidakich's Distillery.
   528 | D        | Found Ruguus's Antique Weapon Boutique.
   530 | D        | Found Marepaog's Antique Weapon Shop.
   530 | D        | Found Opovapro's Distillery.
   539 | D        | Noticed a blink frog
   546 | D        | Killed a blink frog
   546 | D        | Reached *** piety under Qazlal
   559 | D        | Found Doinamegh's Jewellery Boutique.
   559 | D        | Found Zarr's Jewellery Shop.
   559 | D        | Noticed an oklob plant
   560 | D        | Found Wiommiba's Magic Scroll Shop.
   560 | D        | Found Inis's Book Shoppe.
   566 | D        | Noticed a wyvern
   566 | D        | Noticed a wyvern
   566 | D        | Noticed a wyvern
   585 | D        | Bought an embroidered hat for 161 gold pieces
   585 | D        | Bought a pair of gloves for 103 gold pieces
   585 | D        | Bought a shimmering scale mail for 207 gold pieces
   585 | D        | Identified the +6 scale mail of an ossuary {Str+7 Dex-2}
                  | (You bought it in a shop in the Dungeon)
   613 | D        | Bought a glowing scimitar for 168 gold pieces
   618 | D        | Bought 2 potions of curing for 60 gold pieces
   618 | D        | Bought a potion of degeneration for 10 gold pieces
   668 | D        | Killed a boulder beetle
   669 | D        | Reached skill level 10 in Fighting
   669 | D        | Reached XP level 9. HP: 50/78 MP: 12/14
   902 | D        | Killed a boulder beetle
   981 | D        | Bought a potion of haste for 100 gold pieces
   985 | D        | Bought a potion of mutation for 88 gold pieces
   985 | D        | Bought a potion of flight for 33 gold pieces
   985 | D        | Bought a potion of heal wounds for 55 gold pieces
   986 | D        | Lost mutation: You are vulnerable to heat. (rF-) [potion of
                  | mutation]
   986 | D        | Lost mutation: You are weak. (Str -2) [potion of mutation]
   986 | D        | Gained mutation: You have a pair of small horns on your
                  | head. [potion of mutation]
   986 | D        | Gained mutation: You occasionally shout uncontrollably at
                  | your foes. [potion of mutation]
   986 | D        | Gained mutation: Your spells are a little harder to cast,
                  | but a little more powerful. [potion of mutation]
  1055 | D        | Reached **** piety under Qazlal
  1081 | D        | Reached XP level 10. HP: 76/88 MP: 16/16
  1087 | D        | Reached ***** piety under Qazlal
  1130 | D        | Reached skill level 15 in Long Blades
  1222 | D        | Identified Roxanne's Collected Works on the Rocks
  1222 | D        | Noticed Roxanne
  1309 | D        | Reached skill level 10 in Invocations
  1327 | D        | Reached ****** piety under Qazlal
  1328 | D        | Reached skill level 15 in Dodging
  1335 | D        | Noticed a death drake
  1354 | D        | Killed a death drake
  1410 | D        | Noticed a death drake
  1422 | D        | Killed a death drake
  1423 | D        | Reached XP level 11. HP: 66/98 MP: 19/19
  1526 | D        | Noticed a crystal guardian
  1548 | D        | Killed a crystal guardian
  1949 | D        | Noticed a deep elf master archer
  1986 | D        | Killed a deep elf master archer
  1987 | D        | Reached skill level 10 in Armour
  2075 | D        | Noticed a kraken
  2142 | D        | Killed a kraken
  2293 | D        | Noticed a deep troll
  2293 | D        | Noticed a deep troll
  2304 | D        | Killed a deep troll
  2310 | D        | Killed a deep troll
  2434 | D        | Reached XP level 12. HP: 89/108 MP: 12/21
  2488 | D        | Noticed the 27-headed Lernaean hydra
  2746 | D        | Reached skill level 15 in Fighting
  2807 | D        | Noticed a black draconian knight
  2824 | D        | HP: 4/109 [something (7)]
  2841 | D        | Killed from afar by a black draconian knight

Illustrated notes

Levels and vault maps discovered:
D:        the_violet_keep_of_menkaure [sprint2_stairs_cluster_1,
          sprint2_shoproom, sprint2_temple, sprint2_basic_supplies,
          sprint2_obstacle_1, sprint2_obstacle_6, sprint2_obstacle_4,
          sprint2_obstacle_7, sprint2_obstacle_5, sprint2_timed_cluster_1,
          sprint2_smallroom_cluster_1, sprint2_smallroom_final_cluster_1,
          sprint2_transparent_cluster_1, sprint2_second_timed_cluster_1,
          sprint2_sniper_area_1, sprint2_heavy_combat_area_1,
          sprint2_mutation_trap_area_1, sprint2_forest_area_1,
          sprint2_light_combat_area_1, sprint2_behind_water_1,
          sprint2_near_end_vault_1]

Skill      XL: |  1  2  3  4  5  6  7  8  9 10 11 12 |
---------------+-------------------------------------+-----
Fighting       | 5 6 7 8 10 11 13 14 15 | 15.0
Long Blades    | 8 10 11 12 13 14 15 17 | 17.8
Armour         | 3 4 5 6 7 9 10 | 10.7
Dodging        | 7 8 9 10 12 13 15 17 | 17.9
Invocations    | 2 5 7 9 11 13 | 13.4
Throwing       | |  2.0

Action                   |  1- 3 |  4- 6 |  7- 9 | 10-12 || total
-------------------------+-------+-------+-------+-------++-------
Melee: Long sword        |     2 |    20 |    69 |       ||    91
       Punch             |     1 |       |     5 |     1 ||     7
       Scimitar          |       |       |    92 |   282 ||   374
       Tailslap          |       |       |    21 |    23 ||    44
       Headbutt          |       |       |    12 |    75 ||    87
Invok: Upheaval          |       |       |       |     6 ||     6
       Disaster Area     |       |       |       |     1 ||     1
  Use: Potion            |     1 |       |     2 |     4 ||     7
Armor: Leather armour    |       |     2 |     3 |       ||     5
       Scale mail        |       |       |     5 |    74 ||    79
Dodge: Dodged            |     1 |     9 |    79 |   196 ||   285
       Repelled          |       |       |       |     3 ||     3
Block: Other             |       |       |    10 |    76 ||    86

Table legend: (Time is in decaauts)
 A = Elapsed time spent in this place.
 B = Non-inter-level travel time spent in this place.
 C = Inter-level travel time spent in this place.
 D = Time resting spent in this place.
 E = Time spent auto-exploring this place.
 F = Levels seen in this place.
 G = Mean time per level.
                   A        B        C        D        E       F      G
               +--------+--------+--------+--------+--------+-----+--------+
         Total |   2599 |   2599 |      0 |   1459 |      0 |   1 | 2599.0 |
       Dungeon |   2599 |   2599 |      0 |   1459 |      0 |   1 | 2599.0 |
               +--------+--------+--------+--------+--------+-----+--------+

Top non-repeatable levels by time:
       D: 2599 daAuts
